 Dungeon Crawl Stone Soup version 0.29-a0-1047-g7c58e119a4 (webtiles) character file.

Game seed: 11132724386345891925

3414 Zeldest the Grappler (level 10, 0/53 HPs)
             Began as a Vine Stalker Delver on Aug 16, 2022.
             Was a Follower of Wu Jian.
             Slain by a two-headed ogre
             ... wielding a +0 giant club
              (21 damage)
             ... on level 9 of the Dungeon.
             The game lasted 00:20:25 (3461 turns).

Zeldest the Grappler (Vine Stalker Delver)          Turns: 3461, Time: 00:20:25

Health: 0/53       AC: 11    Str: 19    XL:     10   Next: 5%
Magic:  0/11       EV: 14    Int: 10    God:    Wu Jian [*.....]
Gold:   446        SH:  0    Dex: 16    Spells: 9/9 levels left

rFire   . . .      SeeInvis .     - Unarmed
rCold   . . .      Faith    .   (no shield)
rNeg    . . .      Spirit   +   u - +0 acid dragon scales
rPois   .          Reflect  .   d - +0 helmet
rElec   .          Harm     .   E - +0 cloak
rCorr   +          Rampage  .   (no gloves)
Will    +....                   B - +0 pair of boots
Stlth   +++.......              a - amulet of the acrobat
HPRegen 0.97/turn               (no ring)
MPRegen 0.12/turn               (no ring)

@: no status effects
A: fangs 3, regeneration 1, magic shield, antimagic bite, no potion heal 2
a: Renounce Religion


You were on level 9 of the Dungeon.
You worshipped Wu Jian.
Wu Jian was aware of your devotion.
You visited 2 branches of the dungeon, and saw 10 of its levels.

You collected 446 gold pieces.

Inventory:

Hand Weapons
 b - the +5 short sword of Fyjeown {freeze, rF+ rN+ Int-4 SInv}
   (You found it on level 4 of the Dungeon)

   It freezes those it strikes, dealing additional cold damage.
   It can also slow down cold-blooded creatures.
   Int:       It affects your intelligence (-4).
   rF:        It protects you from fire.
   rN:        It protects you from negative energy.
   SInv:      It lets you see invisible.
 k - the +3 long sword of Causality {vorpal, rElec rF- Str+2}
   (You found it on level 2 of the Dungeon)

   It inflicts extra damage upon your enemies.
   Str:       It affects your strength (+2).
   rF:        It makes you vulnerable to fire.
   rElec:     It insulates you from electricity.
Armour
 d - a +0 helmet (worn)
 u - +0 acid dragon scales (worn)
 B - a +0 pair of boots (worn)
 E - a +0 cloak (worn)
 F - a +2 scale mail of willpower
Jewellery
 a - an amulet of the acrobat (around neck)
 D - a ring of wizardry
Wands
 f - a wand of digging (8)
 A - a wand of flame (21)
 G - a wand of light (4)
Scrolls
 c - 2 scrolls of noise
 g - a scroll of teleportation {unknown}
 h - 2 scrolls of fog
 i - a scroll of vulnerability
 l - a scroll of amnesia
 q - a scroll of magic mapping
 r - a scroll of fear
 w - a scroll of torment {unknown}
 x - a scroll of enchant armour {unknown}
 z - a scroll of enchant weapon {unknown}
Potions
 e - a potion of haste
 j - 3 potions of might
 m - 5 potions of curing
 n - 4 potions of flight
 o - 2 potions of mutation
 p - 3 potions of brilliance {unknown}
 s - a potion of degeneration {unknown}
 t - a potion of resistance {unknown}
 v - a potion of attraction
 C - a potion of berserk rage {unknown}


   Skills:
 + Level 6.3 Fighting
 + Level 5.0 Armour
 + Level 5.4 Dodging
 - Level 6.0 Stealth
 + Level 9.1 Unarmed Combat
 + Level 0.0 Evocations


You had 9 spell levels left.
You didn't know any spells.
Your spell library contained the following spells:

 Spells                   Type           Power      Damage    Failure   Level
 Slow                     Hex            0%         N/A       43%         1
 Blink                    Tloc           0%         N/A       58%         2
 Ensorcelled Hibernation  Hex/Ice        0%         N/A       58%         2
 Passwall                 Tmut/Erth      0%         N/A       58%         2
 Confusing Touch          Hex            0%         N/A       82%         3
 Lesser Beckoning         Tloc           0%         N/A       82%         3
 Swiftness                Air            0%         N/A       82%         3
 Vampiric Draining        Necr           0%         2d6       82%         3
 Alistair's Intoxication  Tmut/Pois      0%         N/A       100%        5
 Borgnjor's Vile Clutch   Necr/Erth      0%         N/A       100%        5
 Manifold Assault         Tloc           0%         N/A       100%        5
 Eringya's Noxious Bog    Tmut/Pois      0%         N/A       100%        6


Dungeon Overview and Level Annotations

Branches:
Dungeon (9/15)             Temple (1/1) D:4
   Lair: D:8-11         Orc: D:9-12

Altars:
Ashenzari
Cheibriados
Dithmenos
Elyvilon
Fedhas
Gozag
Hepliaklqana
Kikubaaqudgha
Makhleb
Nemelex Xobeh
Okawaru
Qazlal
Ru
Trog
Uskayaw
Vehumet
Wu Jian
Xom
Yredelemnul
Zin
The Shining One

Annotations:
D:2 Sigmund
D:6 1 transporter, 2 runed translucent doors, FizzleBangTC's ghost, amateur GnFE; Menkaure


Innate Abilities, Weirdness & Mutations

You have razor-sharp teeth.
Your natural rate of healing is unusually fast.
When hurt, damage is shared between your health and your magic reserves.
Your bite disrupts and absorbs the magic of your enemies.
Potions cannot restore your health.


Message History

q - a scroll of magic mapping The +5 short sword of Fyjeown {freeze, rF+ rN+ Int-4 SInv} stops glowing.
You are now empty-handed.
Found a stone staircase leading down.
A two-headed ogre comes into view.
It is wielding a +0 giant club and a +0 giant spiked club.
Found a stone staircase leading down.
There is a stone staircase leading down here.
The two-headed ogre shouts in stereo!
Aiming: Paralyse
Press: ? - help, Shift-Dir - straight line, f - two-headed ogre
Aim: a two-headed ogre, wielding a +0 giant club and a +0 giant spiked club (chance to affect: 31%)
The two-headed ogre easily resists.
The now-empty wand crumbles to dust.
Aiming: Bolt of Light
Press: ? - help, Shift-Dir - straight line, f/p - two-headed ogre
Aim: a two-headed ogre, wielding a +0 giant club and a +0 giant spiked club (86% to hit)
The bolt of light misses the two-headed ogre.
Aiming: Bolt of Light
Press: ? - help, Shift-Dir - straight line, f/p - two-headed ogre
Aim: a two-headed ogre, wielding a +0 giant club and a +0 giant spiked club (86% to hit)
The bolt of light hits the two-headed ogre!
The two-headed ogre is moderately wounded.
The two-headed ogre is blinded.
You closely miss the two-headed ogre. Your bite misses the two-headed ogre.
The two-headed ogre is moderately wounded.
The two-headed ogre hits you with a +0 giant club!
The two-headed ogre hits you with a +0 giant spiked club.
You strike the helpless two-headed ogre from behind!
You hit the two-headed ogre. You bite the two-headed ogre! You drain its power.
You feel invigorated.
The two-headed ogre is moderately wounded.
You strike the helpless two-headed ogre from behind!
You hit the two-headed ogre. You bite the two-headed ogre. You drain its power.
You feel invigorated.
The two-headed ogre is heavily wounded.
You spin and attack the two-headed ogre.
You hit the two-headed ogre but do no damage.
The two-headed ogre is heavily wounded.
The two-headed ogre hits you with a +0 giant club!!
The two-headed ogre hits you with a +0 giant spiked club!!
You die...

... ...... ...
..###..>...
...###..#.......
...............
.............# #
............# #....
............# ###..##
........>..#######...##.
.......@......##........
........O...#...........
......#.....#..###......
....#.##........#.......
#.. #...................
## ##..................
##.................
#.................
......###..........


You could see a two-headed ogre (blind).

Vanquished Creatures
  Pikel (D:7)
  Joseph (D:7)
  Prince Ribbit (D:7)
  A wyvern (D:8)
  Eustachio (D:6)
  2 acid dragons (D:9)
  A water moccasin (D:7)
  3 orc warriors
  An ogre (D:6)
  A centaur (D:9)
  2 phantoms
  3 bullfrogs
  3 scorpions
  5 wights
  7 killer bees (D:7)
  3 hounds
  2 orc priests
  4 orc wizards
  An iguana (D:5)
  3 adders
  An adder zombie (D:2)
  An adder skeleton (D:2)
  3 dart slugs
  18 orcs
  5 endoplasms
  2 giant cockroaches
  3 hobgoblins
  8 jackals
  3 kobolds
  3 quokkas
  7 ball pythons
  A ball python zombie (D:2)
  3 bats
  A frilled lizard (D:1)
  7 goblins
  A jackal skeleton (D:2)
  3 rats
116 creatures vanquished.

Vanquished Creatures (others)
  2 withered plants (D:2)
2 creatures vanquished.

Grand Total: 118 creatures vanquished

Notes
Turn   | Place    | Note
-------+----------+-------------------------------------------
     0 | D:5      | Zeldest the Vine Stalker Delver began the quest for the
                  | Orb.
     0 | D:5      | Reached XP level 1. HP: 11/11 MP: 2/2
    38 | D:4      | Identified the +5 short sword of Fyjeown {freeze, rF+ rN+
                  | Int-4 SInv}
    95 | D:4      | Noticed an orc wizard
   197 | D:4      | Reached XP level 2. HP: 2/16 MP: 3/3
   367 | D:2      | Reached XP level 3. HP: 5/19 MP: 4/4
   405 | D:2      | Identified the +3 long sword of Causality {vorpal, rElec
                  | rF- Str+2}
   488 | D:2      | Noticed Sigmund
   534 | D:1      | Reached skill level 1 in Armour
   576 | D:1      | Reached skill level 3 in Unarmed Combat
   599 | D:1      | Gained mutation: Your natural rate of healing is unusually
                  | fast. [Vine Stalker growth]
   599 | D:1      | Reached XP level 4. HP: 16/24 MP: 5/5
   909 | D:4      | Found a staircase to the Ecumenical Temple.
   922 | Temple   | Entered the Ecumenical Temple
   997 | Temple   | Became a worshipper of the Wu Jian Council
  1161 | D:6      | Noticed a bullfrog
  1170 | D:6      | Killed a bullfrog
  1171 | D:6      | Reached XP level 5. HP: 23/28 MP: 3/6
  1227 | D:6      | Identified the +3 ring mail of the Mantidfly {Will+}
  1248 | D:6      | Found a sparkling altar of Nemelex Xobeh.
  1248 | D:6      | Found a transporter.
  1249 | D:6      | Noticed a cyclops
  1249 | D:6      | Noticed a two-headed ogre
  1360 | D:6      | Noticed Eustachio
  1438 | D:6      | Killed Eustachio
  1439 | D:6      | Reached skill level 4 in Unarmed Combat
  1439 | D:6      | Reached XP level 6. HP: 29/33 MP: 5/7
  1511 | D:6      | Noticed an orc warrior
  1858 | D:5      | Reached XP level 7. HP: 24/37 MP: 6/8
  1995 | D:5      | Reached skill level 5 in Unarmed Combat
  2166 | D:6      | Found a runed translucent door.
  2166 | D:6      | Noticed FizzleBangTC's ghost (amateur GnFE)
  2254 | D:6      | Noticed Menkaure
  2327 | D:6      | Gained mutation: You have razor-sharp teeth. [Vine Stalker
                  | growth]
  2327 | D:6      | Reached XP level 8. HP: 38/41 MP: 9/9
  2342 | D:6      | Reached skill level 6 in Unarmed Combat
  2365 | D:6      | Found a runed translucent door.
  2537 | D:7      | Noticed Prince Ribbit
  2638 | D:7      | Noticed Joseph
  2655 | D:7      | Killed Joseph
  2656 | D:7      | Reached skill level 5 in Fighting
  2685 | D:7      | Reached skill level 7 in Unarmed Combat
  2698 | D:7      | Reached XP level 9. HP: 47/47 MP: 10/10
  2708 | D:7      | Reached * piety under Wu Jian
  2757 | D:7      | Noticed Pikel
  2783 | D:7      | Killed Pikel
  2784 | D:7      | Reached skill level 8 in Unarmed Combat
  2803 | D:7      | Killed Prince Ribbit
  2933 | D:8      | Reached skill level 5 in Dodging
  3373 | D:9      | Reached skill level 5 in Armour
  3373 | D:9      | Reached skill level 9 in Unarmed Combat
  3373 | D:9      | Reached XP level 10. HP: 20/53 MP: 2/11
  3379 | D:9      | HP: 1/53 [acid dragon/splash of acid (6)]
  3451 | D:9      | Noticed a two-headed ogre
  3461 | D:9      | Slain by a two-headed ogre

Illustrated notes

Levels and vault maps discovered:
D:1:      dreamdust_arrival_sigmund_warning, layout_rooms
D:2:      layout_loops_ring, serial_undead, serial_undead_a, serial_undead_b,
          serial_undead_a, serial_undead_b, uniq_sigmund
D:3:      layout_basic, grunt_decor_resistance, fountainhead
D:4:      layout_basic, minmay_temple_entry_ruins,
          chequers_serial_rivers_micro_c, nicolae_figureground_pulse
D:5:      layout_basic, minmay_misc_feat_cross
D:6:      layout_basic, grunt_nemelex_the_gamble, ebering_ghost_sewer_f,
          kennysheep_big_empty_room, uniq_menkaure, uniq_eustachio
D:7:      layout_basic, eino_jars, uniq_pikel, uniq_prince_ribbit1, uniq_joseph
D:8:      layout_loops_ring
D:9:      layout_cave_pools, kennysheep_orc_monster_closet_entryway
Temple:   nicolae_temple_bog_church

Skill      XL: |  1  2  3  4  5  6  7  8  9 |
---------------+----------------------------+-----
Fighting       | 3 4 5 6 |  6.3
Dodging        | 2 3 4 5 |  5.4
Armour         | 1 2 3 5 |  5.0
Unarmed Combat | 3 4 5 7 9 |  9.1
Stealth        | |  6.0

Action                   |  1- 3 |  4- 6 |  7- 9 | 10-12 || total
-------------------------+-------+-------+-------+-------++-------
Melee: Short sword       |    62 |    96 |   173 |    13 ||   344
       Bite              |    13 |    24 |    54 |     8 ||    99
       Punch             |     1 |     2 |     8 |       ||    11
       Unarmed           |       |       |       |     4 ||     4
Invok: Lunge             |       |     3 |     8 |       ||    11
       Whirlwind         |       |       |    14 |     5 ||    19
Evoke: Wand              |       |       |     8 |     3 ||    11
  Use: Scroll            |     2 |       |     9 |       ||    11
       Potion            |     1 |     1 |     2 |       ||     4
 Stab: Sleeping          |     5 |     1 |     9 |       ||    15
       Distracted        |       |       |     2 |       ||     2
       Paralysed         |       |       |     9 |       ||     9
       Invisible         |       |       |       |     2 ||     2
Armor: Leather armour    |     1 |       |       |       ||     1
       Scale mail        |    19 |    33 |    13 |       ||    65
       Ring mail         |       |    24 |    32 |       ||    56
       Acid dragon scale |       |       |    14 |    10 ||    24
       Skin              |       |       |     3 |       ||     3
Dodge: Dodged            |    34 |    75 |   123 |    12 ||   244

Table legend: (Time is in decaauts)
 A = Elapsed time spent in this place.
 B = Non-inter-level travel time spent in this place.
 C = Inter-level travel time spent in this place.
 D = Time resting spent in this place.
 E = Time spent auto-exploring this place.
 F = Levels seen in this place.
 G = Mean time per level.
                   A        B        C        D        E       F      G
               +--------+--------+--------+--------+--------+-----+--------+
         Total |   3445 |   3228 |    217 |      0 |      0 |  10 |  344.5 |
       Dungeon |   3353 |   3143 |    210 |      0 |      0 |   9 |  372.6 |
        Temple |     91 |     84 |      7 |      0 |      0 |   1 |   91.0 |
               +--------+--------+--------+--------+--------+-----+--------+

Top non-repeatable levels by time:
     D:6: 675 daAuts
     D:5: 651 daAuts
     D:7: 516 daAuts
     D:4: 324 daAuts
     D:8: 313 daAuts
     D:1: 277 daAuts
     D:9: 225 daAuts
     D:2: 224 daAuts
     D:3: 146 daAuts
  Temple: 91 daAuts
